 Dungeon Crawl Stone Soup version 0.29-a0-383-g8b6f518c11 (webtiles) character file.

Game seed: 3682960112107537532

171 Bruhh the Digger (level 5, -7/45 HPs)
             Began as an Ogre Earth Elementalist on May 6, 2022.
             Killed from afar by Crazy Yiuf (11 damage)
             ... with a puff of flame
             ... on level 3 of the Dungeon.
             The game lasted 00:04:16 (3884 turns).

Bruhh the Digger (Ogre Earth Elementalist)          Turns: 3884, Time: 00:04:17

Health: -7/45      AC:  3    Str: 12    XL:     5   Next: 51%
Magic:  5/11       EV: 10    Int: 18    God:
Gold:   149        SH:  0    Dex: 15    Spells: 8/12 levels left

rFire   . . .      SeeInvis .   (no weapon)
rCold   . . .      Faith    .   (no shield)
rNeg    . . .      Spirit   .   b - +0 robe
rPois   .          Reflect  .   (helmet restricted)
rElec   .          Harm     .   (no cloak)
rCorr   .          Rampage  .   (gloves unavailable)
Will    .....                   (boots unavailable)
Stlth   ++........              (no amulet)
HPRegen 0.15/turn               l - +6 ring of dexterity
MPRegen 0.12/turn               m - ring of wizardry

@: lethally poisoned (-7 -> -10)
A: large, unfitting armour, tough skin 1
a: no special abilities


You were on level 3 of the Dungeon.
You visited 1 branch of the dungeon, and saw 3 of its levels.

You collected 149 gold pieces.

Inventory:

Missiles
 a - 5 stones
Armour
 b - a +0 robe (worn)
 u - a +0 pair of gloves
Jewellery
 l - a +6 ring of dexterity (left hand)
 m - a ring of wizardry (right hand)
Scrolls
 d - a scroll of magic mapping {unknown}
 e - a scroll of immolation {unknown}
 f - 3 scrolls of teleportation {unknown}
 g - 6 scrolls of identify {unknown}
 i - 2 scrolls of poison {unknown}
 k - a scroll of enchant weapon {unknown}
 q - a scroll of fear {unknown}
 r - a scroll of blinking {unknown}
 t - a scroll of noise {unknown}
Potions
 c - a potion of magic
 h - a potion of attraction {unknown}
 n - a potion of flight {unknown}
 o - 2 potions of lignification {unknown}
 p - a potion of mutation {unknown}
 s - a potion of heal wounds {unknown}
 v - a potion of might {unknown}


   Skills:
 - Level 1.7 Dodging
 - Level 1.4 Stealth
 - Level 4.0 Spellcasting
 + Level 1.6 Conjurations
 - Level 0.8 Transmutations
 + Level 4.3 Earth Magic


You had 8 spell levels left.
You knew the following spells:

 Your Spells              Type           Power      Damage    Failure   Level
a - Sandblast             Erth           38%        2d10      1%          1
b - Stone Arrow           Conj/Erth      28%        3d8       5%          3

Your spell library contained the following spells:

 Spells                   Type           Power      Damage    Failure   Level
 Passwall                 Tmut/Erth      10%        N/A       3%          2
 Call Canine Familiar     Summ           3%         N/A       17%         3
 Portal Projectile        Hex/Tloc       6%         N/A       17%         3
 Petrify                  Tmut/Erth      12%        N/A       21%         4
 Leda's Liquefaction      Hex/Erth       5%         N/A       24%         4
 Animate Dead             Necr           1%         N/A       47%         4
 Haunt                    Necr/Summ      1%         N/A       100%        7
 Infestation              Necr           1%         N/A       100%        8


Dungeon Overview and Level Annotations

Branches:
Dungeon (3/15)

Altars:
Yredelemnul

Annotations:
D:3 Crazy Yiuf


Innate Abilities, Weirdness & Mutations

You are too large for most types of armour.
You have tough skin. (AC +1)


Message History

Crazy Yiuf is moderately wounded.
Crazy Yiuf barely misses you.
The blast of sand hits Crazy Yiuf.
Crazy Yiuf is moderately wounded.
Crazy Yiuf zaps a wand.
The puff of flame hits you!
The blast of sand hits Crazy Yiuf.
Crazy Yiuf is heavily wounded.
Crazy Yiuf hits you with a +3 quarterstaff of chaos!!
* * * LOW HITPOINT WARNING * * *
You are poisoned.
You are too injured to fight recklessly!
You are too injured to fight recklessly!
You are too injured to fight recklessly!
Casting: Sandblast (safe; 1% risk of failure)
Confirm with . or Enter, or press ? or * to list all spells.
Aiming: Sandblast (safe; 1% risk of failure)
Press: ? - help, Shift-Dir - straight line, f/p - Crazy Yiuf
Aim: Crazy Yiuf, wielding a +3 quarterstaff of chaos, wearing a +1 cloak and carrying a wand of flame (21) (heavily wounded, 82% to hit)
The blast of sand hits Crazy Yiuf but does no damage.
Crazy Yiuf is heavily wounded.
You feel sick.
Crazy Yiuf grits, "Goober!"
Crazy Yiuf barely misses you.
Casting: Sandblast (safe; 1% risk of failure)
Confirm with . or Enter, or press ? or * to list all spells.
Aiming: Sandblast (safe; 1% risk of failure)
Press: ? - help, Shift-Dir - straight line, f/p - Crazy Yiuf
Aim: Crazy Yiuf, wielding a +3 quarterstaff of chaos, wearing a +1 cloak and carrying a wand of flame (21) (heavily wounded, 82% to hit)
The blast of sand hits Crazy Yiuf.
Crazy Yiuf is severely wounded.
You feel sick.
Crazy Yiuf hits you with a +3 quarterstaff of chaos.
* * * LOW HITPOINT WARNING * * *
Crazy Yiuf draws strength from your wounds!
It was a potion of cancellation.
You feel magically purged.
* * * LOW HITPOINT WARNING * * *
You feel sick.
Crazy Yiuf glowers.
Crazy Yiuf zaps a wand.
The puff of flame hits you!
You die...

## #. ## #### #...
###♣♣♣♣♣ #.##
##..).♣.♣♣♣ ### #.##
##......♣..♣#...# #.##
#......♣♣♣♣@g...# #.##
#.)..)♣♣ ♣♣#..)# #.##
#.###♣♣ ### #... #.#
#### #.# # #.#
######### ##
#.####.##.##.# ##.
#......##.##.##########
##..
######.##.##.##.......#
#...


You could see Crazy Yiuf.

Vanquished Creatures
  An orc priest (D:3)
  6 adders
  A worm (D:2)
  2 dart slugs
  7 orcs
  3 ball pythons (D:2)
  6 bats
  4 endoplasms
  3 giant cockroaches
  10 goblins
  6 hobgoblins
  3 jackals (D:1)
  6 kobolds
  2 quokkas (D:1)
  A frilled lizard (D:3)
  7 rats
68 creatures vanquished.

Notes
Turn   | Place    | Note
-------+----------+-------------------------------------------
     0 | D:1      | Bruhh the Ogre Earth Elementalist began the quest for the
                  | Orb.
     0 | D:1      | Reached XP level 1. HP: 16/16 MP: 3/3
   173 | D:1      | Reached XP level 2. HP: 12/24 MP: 1/5
   842 | D:1      | Reached XP level 3. HP: 31/31 MP: 5/7
  1424 | D:2      | Reached XP level 4. HP: 39/39 MP: 5/9
  1429 | D:2      | Learned a level 3 spell: Stone Arrow
  1905 | D:2      | Found a basalt altar of Yredelemnul.
  3063 | D:3      | Reached skill level 1 in Conjurations
  3063 | D:3      | Reached XP level 5. HP: 39/45 MP: 8/11
  3655 | D:3      | Found a runed translucent door.
  3656 | D:3      | Noticed Crazy Yiuf
  3884 | D:3      | Killed from afar by Crazy Yiuf

Illustrated notes

Levels and vault maps discovered:
D:1:      sevenhm_arrival_forest_fort_large_4, layout_loops_cross
D:2:      layout_basic, basic_altar
D:3:      kennysheep_big_flooded_room, layout_loops_cross,
          uniq_crazy_yiuf_cottage

Skill      XL: |  1  2  3  4 |
---------------+-------------+-----
Earth Magic    | 3 4 |  4.3
Spellcasting   | 3 4 |  4.0
Conjurations   | 1 |  1.6
Dodging        | |  1.7
Stealth        | |  1.4
Transmutations | |  0.8

Action                   |  1- 3 |  4- 6 || total
-------------------------+-------+-------++-------
Melee: Unarmed           |    20 |     1 ||    21
 Cast: Sandblast         |    43 |    72 ||   115
  Use: Potion            |       |     1 ||     1
Armor: Robe              |    21 |    12 ||    33
Dodge: Dodged            |    18 |    20 ||    38

Table legend: (Time is in decaauts)
 A = Elapsed time spent in this place.
 B = Non-inter-level travel time spent in this place.
 C = Inter-level travel time spent in this place.
 D = Time resting spent in this place.
 E = Time spent auto-exploring this place.
 F = Levels seen in this place.
 G = Mean time per level.
                   A        B        C        D        E       F      G
               +--------+--------+--------+--------+--------+-----+--------+
         Total |   3883 |   3813 |     70 |    376 |   3019 |   3 | 1294.3 |
       Dungeon |   3883 |   3813 |     70 |    376 |   3019 |   3 | 1294.3 |
               +--------+--------+--------+--------+--------+-----+--------+

Top non-repeatable levels by time:
     D:2: 1429 daAuts
     D:1: 1278 daAuts
     D:3: 1175 daAuts
